 Dungeon Crawl Stone Soup version 0.28-a0-1545-g945cd3f27e (webtiles) character file.

Game seed: 4657298829659929047

317 BritishOli the Chopper (level 6, -3/47 HPs)
             Began as a Demonspawn Gladiator on Jan 18, 2022.
             Was an Initiate of Okawaru.
             Slain by a wyvern skeleton (11 damage)
             ... on level 6 of the Dungeon.
             The game lasted 00:04:11 (3933 turns).

BritishOli the Chopper (Demonspawn Gladiator)       Turns: 3933, Time: 00:04:11

Health: -3/47      AC:  8    Str: 16    XL:     6   Next: 20%
Magic:  6/6        EV: 13    Int:  9    God:    Okawaru [......]
Gold:   206        SH:  0    Dex: 15    Spells: 5/5 levels left

rFire   + . .      SeeInvis +   a - +0 war axe
rCold   . . .      Faith    .   (no shield)
rNeg    . . .      Spirit   .   q - +3 leather armour of Privacy {rF+}
rPois   .          Reflect  .   c - +0 helmet
rElec   .          Harm     .   (no cloak)
rCorr   .          Rampage  .   s - +0 pair of gloves
Will    .....                   (no boots)
Stlth   +.........              m - amulet of magic regeneration
HPRegen 0.15/turn               l - ring of see invisible
MPRegen 0.50/turn               (no ring)

@: no status effects
A: hooves 1, powered by death 1
a: Renounce Religion


You were on level 6 of the Dungeon.
You worshipped Okawaru.
Okawaru was noncommittal.
You visited 2 branches of the dungeon, and saw 7 of its levels.

You collected 206 gold pieces.

Inventory:

Hand Weapons
 a - a +0 war axe (weapon)
Missiles
 d - 2 throwing nets (quivered)
Armour
 c - a +0 helmet (worn)
 q - the +3 leather armour of Privacy (worn) {rF+}
   (You found it on level 3 of the Dungeon)

   rF:        It protects you from fire.
 s - a +0 pair of gloves (worn)
Jewellery
 l - a ring of see invisible (left hand)
 m - an amulet of magic regeneration (around neck)
Wands
 j - a wand of polymorph (11)
Scrolls
 e - 2 scrolls of immolation {unknown}
 f - 2 scrolls of fear {unknown}
 g - 3 scrolls of identify {unknown}
 h - 2 scrolls of enchant armour {unknown}
 o - a scroll of blinking {unknown}
 p - a scroll of teleportation {unknown}
Potions
 b - a potion of curing {unknown}
 i - 2 potions of cancellation {unknown}
 k - a potion of mutation {unknown}
 n - a potion of ambrosia {unknown}
 r - a potion of degeneration {unknown}
 t - a potion of invisibility {unknown}
 u - 2 potions of lignification {unknown}
 v - a potion of attraction {unknown}


   Skills:
 + Level 3.4 Fighting
 * Level 4.0 Axes
 + Level 3.1 Throwing
 + Level 1.1 Armour
 + Level 3.8 Dodging


You had 5 spell levels left.
You didn't know any spells.
Your spell library was empty.

Dungeon Overview and Level Annotations

Branches:
Dungeon (6/15)             Temple (1/1) D:4

Altars:
Ashenzari
Dithmenos
Elyvilon
Fedhas
Gozag
Hepliaklqana
Makhleb
Nemelex Xobeh
Okawaru
Qazlal
Trog
Uskayaw
Wu Jian
Xom
Zin
The Shining One


Innate Abilities, Weirdness & Mutations

You have large cloven feet.
You regenerate a little health from kills.


Message History

The water moccasin zombie closely misses you.
The water moccasin zombie barely misses you.
You closely miss the water moccasin zombie.
The water moccasin zombie is almost destroyed.
The water moccasin zombie misses you.
An ice beast comes into view.
You hit the water moccasin zombie. You kick the water moccasin zombie.
You destroy the water moccasin zombie!
Okawaru accepts your kill.
Your Axes skill increases to level 4!
You have reached level 6!
There is an escape hatch in the floor here.
You slide downwards.
The hatch slams shut behind you.
HP restored.
v - a black potion A wyvern skeleton comes into view.
You hit the wyvern skeleton.
The wyvern skeleton is lightly damaged.
The wyvern skeleton barely misses you.
You slash the wyvern skeleton!
The wyvern skeleton is heavily damaged.
The wyvern skeleton bites you! x2
You completely miss the wyvern skeleton.
The wyvern skeleton is heavily damaged.
The wyvern skeleton bites you. The wyvern skeleton misses you.
You are too injured to fight recklessly!
You are too injured to fight recklessly!
You are too injured to fight recklessly!
You hit the wyvern skeleton.
The wyvern skeleton is severely damaged.
The wyvern skeleton bites you. The wyvern skeleton bites you!
* * * LOW HITPOINT WARNING * * *
You hit the wyvern skeleton.
The wyvern skeleton is almost destroyed.
The wyvern skeleton barely misses you.
You hit the wyvern skeleton but do no damage.
You kick the wyvern skeleton.
The wyvern skeleton is almost destroyed.
The wyvern skeleton bites you!
You die...

.# .# #.#+#.#
#.....#
#.....# .
#..... ...
....
.#...###.###.#
......Z@.....#
#.######.#####
####.....#####
#............#
#............#
#............#
#............#
####.###.#####
#.# #.#


You could see a wyvern skeleton.

Vanquished Creatures
  An ogre (D:3)
  A water moccasin zombie (D:5)
  A hound (D:4)
  A hound skeleton (D:4)
  4 gnolls
  2 adders (D:2)
  5 dart slugs
  2 orcs
  5 bats
  4 endoplasms
  A giant cockroach (D:1)
  7 goblins
  6 hobgoblins
  6 jackals
  7 quokkas
  3 ball pythons
  3 frilled lizards
  7 kobolds
  5 rats
71 creatures vanquished.

Notes
Turn   | Place    | Note
-------+----------+-------------------------------------------
     0 | D:1      | BritishOli the Demonspawn Gladiator began the quest for the
                  | Orb.
     0 | D:1      | Reached XP level 1. HP: 16/16 MP: 1/1
   132 | D:1      | Gained mutation: You have large cloven feet. [demonic
                  | ancestry]
   132 | D:1      | Reached XP level 2. HP: 22/22 MP: 2/2
   380 | D:1      | Reached skill level 3 in Axes
   485 | D:1      | Reached XP level 3. HP: 28/28 MP: 3/3
   949 | D:1      | Found a faded altar of an unknown god.
  1481 | D:2      | Found a hide-covered altar of Uskayaw.
  1982 | D:2      | Gained mutation: You regenerate a little health from kills.
                  | [demonic ancestry]
  1982 | D:2      | Reached XP level 4. HP: 29/34 MP: 4/4
  2707 | D:3      | Identified the +3 leather armour of Privacy {rF+}
  3018 | D:4      | Reached XP level 5. HP: 12/41 MP: 5/5
  3322 | D:4      | Noticed an ogre
  3337 | D:3      | Killed an ogre
  3338 | D:3      | Reached skill level 1 in Armour
  3474 | D:4      | Found a staircase to the Ecumenical Temple.
  3489 | Temple   | Entered the Ecumenical Temple
  3495 | Temple   | Became a worshipper of Warmaster Okawaru
  3723 | D:4      | Noticed an ogre
  3806 | D:5      | Entered Level 5 of the Dungeon
  3862 | D:5      | Noticed an ice beast
  3864 | D:5      | Reached skill level 4 in Axes
  3864 | D:5      | Reached XP level 6. HP: 39/47 MP: 6/6
  3933 | D:6      | Slain by a wyvern skeleton

Illustrated notes

Levels and vault maps discovered:
D:1:      dpeg_arrival_lava_altar, layout_loops_corners,
          hellmonk_ecumenical_altar_heavens_door
D:2:      layout_basic, basic_altar
D:3:      layout_rooms, lemuel_round_altar
D:4:      layout_loops_ring, minmay_temple_entry_arrows, serial_shops,
          nicolae_diamond_shop
D:5:      layout_rooms
D:6:      layout_basic, mainiacjoe_overflow_alcove_4,
          nicolae_uskayaw_murder_on_the_dancefloor, hangedman_ru_absence,
          serial_shops, shop, nrook_loot_triangle, minmay_misc_feat_pillars,
          minmay_ruffians
Temple:   eino_narrow_crystal_temple

Skill      XL: |  1  2  3  4  5 |
---------------+----------------+-----
Throwing       | 2 3 |  3.1
Dodging        | 3 |  3.8
Axes           | 3 4 |  4.0
Fighting       | 3 |  3.4
Armour         | 1 |  1.1

Action                   |  1- 3 |  4- 6 || total
-------------------------+-------+-------++-------
Melee: War axe           |   104 |    89 ||   193
       Kick              |    21 |    24 ||    45
       Punch             |     1 |     1 ||     2
Throw: Throwing net      |       |     6 ||     6
Armor: Leather armour    |    20 |    14 ||    34
       Scale mail        |    15 |    28 ||    43
Dodge: Dodged            |    68 |    61 ||   129

Table legend: (Time is in decaauts)
 A = Elapsed time spent in this place.
 B = Non-inter-level travel time spent in this place.
 C = Inter-level travel time spent in this place.
 D = Time resting spent in this place.
 E = Time spent auto-exploring this place.
 F = Levels seen in this place.
 G = Mean time per level.
                   A        B        C        D        E       F      G
               +--------+--------+--------+--------+--------+-----+--------+
         Total |   3999 |   3825 |    174 |    233 |   2922 |   7 |  571.3 |
       Dungeon |   3820 |   3656 |    164 |    233 |   2766 |   6 |  636.7 |
        Temple |    178 |    168 |     10 |      0 |    156 |   1 |  178.0 |
               +--------+--------+--------+--------+--------+-----+--------+

Top non-repeatable levels by time:
     D:1: 1345 daAuts
     D:2: 953 daAuts
     D:3: 766 daAuts
     D:4: 623 daAuts
  Temple: 178 daAuts
     D:5: 77 daAuts
     D:6: 55 daAuts
